 Dungeon Crawl Stone Soup version 0.29.1-1-gd02db6906a (webtiles) character file.

Game seed: 547353202094665017

3170 Sinveran the Carver (level 9, 0/69 HPs)
             Began as a Barachi Fighter on Oct 1, 2022.
             Was a Believer of the Shining One.
             Slain by a killer bee (1 damage)
             ... on level 7 of the Dungeon.
             The game lasted 00:39:07 (7683 turns).

Sinveran the Carver (Barachi Fighter)               Turns: 7683, Time: 00:39:09

Health: 0/69       AC: 27    Str: 18    XL:     9   Next: 94%
Magic:  9/9        EV:  7    Int:  8    God:    the Shining One [**....]
Gold:   433        SH:  0    Dex: 16    Spells: 8/8 levels left

rFire   . . .      SeeInvis .   a - +1 great sword (holy)
rCold   . . .      Faith    .   (shield currently unavailable)
rNeg    + . .      Spirit   .   o - +0 plate armour
rPois   .          Reflect  .   (no helmet)
rElec   .          Harm     .   s - +2 cloak of the Tired Kissing Eyes {Stlth+}
rCorr   .          Rampage  .   g - +1 pair of gloves
Will    .....                   n - +2 pair of boots
Stlth   ..........              (no amulet)
HPRegen 0.21/turn               m - +4 ring of protection
MPRegen 0.11/turn               (no ring)

@: mighty, lethally poisoned (0 -> -7), attractive, glowing, slow
A: amphibious, slowness 1, strong legs 1, +LOS
a: Hop, Renounce Religion, Divine Shield


You were on level 7 of the Dungeon.
You worshipped the Shining One.
The Shining One was pleased with you.
You visited 2 branches of the dungeon, and saw 9 of its levels.

You collected 882 gold pieces.
You spent 449 gold pieces at shops.

Inventory:

Hand Weapons
 a - a +1 great sword of holy wrath (weapon)
Armour
 g - a +1 pair of gloves (worn)
 n - a +2 pair of boots (worn)
 o - a +0 plate armour (worn)
 s - the +2 cloak of the Tired Kissing Eyes (worn) {Stlth+}
   (You acquired it on level 4 of the Dungeon)

   Stlth:     It makes you more stealthy.
Jewellery
 i - a ring of ice
 m - a +4 ring of protection (left hand)
 x - a ring of resist corrosion
 y - a ring of protection from cold
Wands
 w - a wand of flame (22)
 D - a wand of paralysis (10)
Scrolls
 b - a scroll of teleportation {unknown}
 e - 2 scrolls of immolation
 h - a scroll of vulnerability
 p - a scroll of identify
 q - 2 scrolls of blinking
 t - a scroll of amnesia
 v - a scroll of butterflies
Potions
 f - a potion of degeneration {unknown}
 j - a potion of cancellation {unknown}
 k - a potion of brilliance {unknown}
 l - 2 potions of haste
 r - 4 potions of magic
 u - 2 potions of curing {unknown}
 z - 2 potions of attraction
 A - 2 potions of mutation


   Skills:
 + Level 6.0 Fighting
 * Level 11.7 Long Blades
 * Level 9.4 Armour
 + Level 2.4 Dodging
 + Level 5.5 Shields


You had 8 spell levels left.
You didn't know any spells.
Your spell library contained the following spells:

 Spells                   Type           Power      Damage    Failure   Level
 Sublimation of Blood     Necr           0%         N/A       100%        2
 Petrify                  Tmut/Erth      0%         N/A       100%        4
 Irradiate                Conj/Tmut      0%         3d11      100%        5


Dungeon Overview and Level Annotations

Branches:
Dungeon (8/15)             Temple (1/1) D:5
   Lair: D:8-11

Altars:
Cheibriados
Elyvilon
Fedhas
Gozag
Kikubaaqudgha
Okawaru
Qazlal
Ru
Vehumet
Wu Jian
Xom
Zin
The Shining One

Shops:
D:2 :[**:   D:3 [   D:7 **(


Innate Abilities, Weirdness & Mutations

You are amphibious.
You cover ground slowly.
You can hop short distances.
You have an extended range of vision and can be seen from far away.


Message History

The killer bee stings you but does no damage.
The killer bee barely misses you.
The killer bee stings you but does no damage.
The killer bee barely misses you.
You miss the killer bee.
You feel very sick. The killer bee stings you.
* * * LOW HITPOINT WARNING * * *
The killer bee stings you but does no damage. x3
You hit the killer bee.
The killer bee is moderately wounded.
You feel very sick.
The killer bee stings you but does no damage. x6
You slice the killer bee!!
You kill the killer bee!
You feel sick. The killer bee stings you.
* * * LOW HITPOINT WARNING * * *
The killer bee stings you but does no damage.
You feel sick. The killer bee completely misses you.
The killer bee stings you but does no damage.
You see here a killer bee corpse.
You feel sick.
The killer bee stings you but does no damage.
The killer bee barely misses you. The killer bee stings you.
* * * LOW HITPOINT WARNING * * *
You are lethally poisoned!
The killer bee poisons you!
You slash the killer bee!
The killer bee is heavily wounded.
* * * LOW HITPOINT WARNING * * *
You feel very sick.
The killer bee stings you but does no damage.
The killer bee closely misses you.
You closely miss the killer bee.
The killer bee is heavily wounded.
* * * LOW HITPOINT WARNING * * *
You feel sick.
The killer bee stings you but does no damage.
The killer bee stings you.
You die...

.......#.### #.#
########...###.#####
###.........#
#...>.....#
#.........#
#.........#
#.......††#
#.......†>#
#......@y.#
#.........#
#.........#
#.........#
###########


You could see a killer bee.

Vanquished Creatures
  A manticore (D:6)
  A troll (D:7)
  A wyvern (D:8)
  Duvessa (D:6)
  A black bear (D:7)
  3 ice beasts
  2 centaurs (D:7)
  2 ogres (D:6)
  3 phantoms
  2 bullfrogs
  A scorpion (D:7)
  4 wights
  Dowan (D:6)
  4 killer bees (D:7)
  2 vampire bats (D:5)
  4 hounds (D:5)
  A jelly (D:5)
  An orc priest (D:4)
  2 gnoll boudas
  2 iguanas
  4 orc wizards
  6 adders
  8 gnolls
  A shadow imp (D:5)
  2 white imps
  2 ufetubi
  2 worms (D:2)
  A dart slug (D:5)
  26 orcs
  10 bats
  2 bat skeletons (D:5)
  5 bat zombies (D:5)
  4 endoplasms
  4 giant cockroaches
  3 goblins
  9 hobgoblins
  6 quokkas
  10 ball pythons
  6 frilled lizards
  2 kobolds
  9 rats
161 creatures vanquished.

Vanquished Creatures (collateral kills)
  A gnoll sergeant (D:5)
1 creature vanquished.

Vanquished Creatures (others)
  A hobgoblin (D:3)
  A plant (D:1)
2 creatures vanquished.

Grand Total: 164 creatures vanquished

Notes
Turn   | Place    | Note
-------+----------+-------------------------------------------
     0 | D:1      | Sinveran the Barachi Fighter began the quest for the Orb.
     0 | D:1      | Reached XP level 1. HP: 18/18 MP: 1/1
   361 | D:1      | Found a faded altar of an unknown god.
   366 | D:1      | Reached XP level 2. HP: 25/25 MP: 2/2
   645 | D:1      | Reached XP level 3. HP: 18/30 MP: 3/3
  1312 | D:2      | Found Aculets's Book Shop.
  1344 | D:2      | Reached skill level 3 in Long Blades
  1495 | D:2      | Found Yseonymur's Assorted Antiques.
  1561 | D:2      | Found Teajid's Antique Armour Shop.
  1621 | D:2      | Found Poor's Assorted Antiques.
  1780 | D:2      | Found Pubbargh's Book Shop.
  1843 | D:2      | Reached XP level 4. HP: 37/37 MP: 4/4
  2177 | D:3      | Found an opulent altar of Gozag.
  2274 | D:3      | Found a faded altar of an unknown god.
  2278 | D:3      | Found a white marble altar of Elyvilon.
  2326 | D:3      | Found Igohe's Antique Armour Shop.
  2444 | D:3      | Reached skill level 4 in Long Blades
  2462 | D:3      | Reached XP level 5. HP: 22/42 MP: 5/5
  3220 | D:4      | Reached skill level 5 in Long Blades
  3277 | D:4      | Identified 2 scrolls of acquirement
  3277 | D:4      | Acquired 299 gold pieces
  3278 | D:4      | Acquired the +2 cloak of the Tired Kissing Eyes {Stlth+}
  3478 | D:4      | Found a radiant altar of Vehumet.
  3648 | D:4      | Reached XP level 6. HP: 47/48 MP: 6/6
  3830 | D:5      | Entered Level 5 of the Dungeon
  3873 | D:5      | Found a shimmering altar of Xom.
  3944 | D:5      | Found a staircase to the Ecumenical Temple.
  3970 | D:5      | Reached skill level 5 in Armour
  3984 | D:5      | Reached skill level 6 in Long Blades
  4088 | Temple   | Entered the Ecumenical Temple
  4283 | Temple   | Became a worshipper of the Shining One
  4571 | D:5      | Found an iron altar of Okawaru.
  4571 | D:5      | Found a stormy altar of Qazlal.
  4680 | D:5      | Reached XP level 7. HP: 47/54 MP: 7/7
  4951 | Temple   | Reached skill level 7 in Long Blades
  5505 | D:5      | Reached * piety under the Shining One
  5507 | D:5      | Found an ancient bone altar of Kikubaaqudgha.
  5527 | D:5      | Reached skill level 1 in Dodging
  5695 | D:6      | Noticed Duvessa
  5695 | D:6      | Noticed Dowan
  5705 | D:6      | Killed Duvessa
  5721 | D:6      | Killed Dowan
  5722 | D:6      | Reached skill level 8 in Long Blades
  5722 | D:6      | Reached XP level 8. HP: 53/61 MP: 8/8
  5784 | D:6      | Reached skill level 5 in Fighting
  5807 | D:6      | Noticed a manticore
  5824 | D:6      | The Shining One protects you from harm!
  5832 | D:6      | HP: 3/62 [barbs]
  5842 | D:6      | Killed a manticore
  5843 | D:6      | Reached skill level 9 in Long Blades
  6368 | D:6      | Reached XP level 9. HP: 57/68 MP: 9/9
  6403 | D:6      | Reached skill level 10 in Long Blades
  6585 | D:6      | Reached skill level 5 in Shields
  6862 | D:7      | Found Warul's General Store.
  6872 | D:7      | Reached ** piety under the Shining One
  6984 | D:7      | Noticed a troll
  7001 | D:7      | Killed a troll
  7002 | D:7      | Reached skill level 11 in Long Blades
  7221 | D:7      | Found Qiriunn's General Store.
  7234 | D:7      | Bought a +0 plate armour for 299 gold pieces
  7287 | D:7      | Found Liygerr's Weapon Shop.
  7292 | D:7      | Bought a +0 great sword of holy wrath for 150 gold pieces
  7682 | D:7      | HP: 3/69 [poisoned by a killer bee]
  7683 | D:7      | HP: 1/69 [poisoned by a killer bee]
  7683 | D:7      | Slain by a killer bee

Illustrated notes

Levels and vault maps discovered:
D:1:      dpeg_arrival_water_fire, layout_loops_ring,
          ebering_ecumenical_altar_hall, st_stairs_6, minmay_quantized
D:2:      minmay_razor_zed, layout_loops_ring, serial_shops,
          nicolae_shop_overgrown_old_shop, shop, shop_fountains, shop, shop
D:3:      layout_loops_cross, nicolae_overflow_ecumenical_swirl,
          mainiacjoe_overflow_six_doors_small, serial_shops, shop
D:4:      layout_basic, mainiacjoe_overflow_catwalk
D:5:      layout_loops_ring, xom_butterflies, kennysheep_vampire_church,
          jmf_multi_god_temple, minmay_temple_entry_drinking_statues
D:6:      layout_basic, hangedman_abyss_or_decor_jellyfish_corner, uniq_duvessa
D:7:      layout_rooms, serial_shops, kennysheep_little_box,
          nicolae_shop_crystal, nicolae_lakefront_shop,
          amcnicky_mini_corridor_feature, kennysheep_generic_room_5
D:8:      layout_cave_pools, minmay_lair_entry_grove
Temple:   minmay_temple_curvy_branch

Skill      XL: |  1  2  3  4  5  6  7  8  9 |
---------------+----------------------------+-----
Armour         | 4 5 6 8 9 |  9.4
Fighting       | 4 5 6 |  6.0
Long Blades    | 3 4 5 6 8 9 11 | 11.7
Shields        | 4 5 |  5.5
Dodging        | 1 2 |  2.4

Action                   |  1- 3 |  4- 6 |  7- 9 || total
-------------------------+-------+-------+-------++-------
Melee: Long sword        |   145 |   242 |   200 ||   587
       Scimitar          |       |       |    37 ||    37
       Great sword       |       |       |    21 ||    21
  Use: Scroll            |     4 |     7 |     8 ||    19
       Potion            |       |       |     9 ||     9
Armor: Scale mail        |    88 |       |       ||    88
       Chain mail        |    25 |   190 |   230 ||   445
       Plate armour      |       |       |    61 ||    61
Dodge: Dodged            |    95 |    94 |   155 ||   344
Block: Buckler           |    29 |    56 |    92 ||   177
